 Dungeon Crawl Stone Soup version 0.24.0-125-gc4c63601f3 (webtiles) character file.

Game seed: 4093894678657137492, levelgen mode: deterministic

280 LraC the Slinger (level 6, 0/41 HPs)
             Began as a Halfling Hunter on Mar 6, 2020.
             Was a Follower of Trog.
             Slain by a phantom (5 damage)
             ... on level 4 of the Dungeon.
             The game lasted 00:29:06 (3168 turns).

LraC the Slinger (Halfling Hunter)                  Turns: 3168, Time: 00:29:06

Health: 0/41       AC:  4    Str: 10 (13) XL:     6   Next: 52%
Magic:  6/6        EV: 15    Int: 13 (15) God:    Trog [*.....]
Gold:   245        SH:  0    Dex: 14 (16) Spells: 5/5 levels left

rFire    . . .     SeeInvis .   m - +1 short sword (drain)
rCold    . . .     Gourm    .   (shield restricted)
rNeg     . . .     Faith    .   c - +0 leather armour
rPois    .         Spirit   .   (no helmet)
rElec    .         Reflect  .   Q - +0 cloak
rCorr    .         Harm     .   (no gloves)
MR       +....                  (no boots)
Stlth    ++........             (no amulet)
HPRegen  0.13/turn              C - +5 ring of intelligence
MPRegen  0.10/turn              k - ring of protection from magic

@: hasted, very quick
A: small, mutation resistance 1
a: Berserk, Renounce Religion


You were on level 4 of the Dungeon.
You worshipped Trog.
Trog was aware of your devotion.
You were not hungry.

You visited 1 branch of the dungeon, and saw 4 of its levels.
You also visited: Sewer.

You collected 245 gold pieces.

Inventory:

Hand Weapons
 a - a +2 hunting sling
 b - a +0 short sword
 d - a +0 club
 f - a +0 club
 g - a +0 dagger
 h - a +1 dagger of venom
 i - a +0 whip
 j - a +0 club
 l - a cursed -2 club
 m - a +1 short sword of draining (weapon)
 p - a +0 club
 q - a +0 club
 r - a +0 short sword
 u - a +0 club
 x - a +0 short sword
 y - a +0 short sword
 A - a +0 hand axe
 F - a +0 short sword
 G - a +0 hand axe
 I - a +0 hand axe
 K - a +0 short sword
 N - a +0 whip
 P - a +4 quarterstaff of chaos
 R - a +0 mace
 T - a +1 hand axe of chopping
Missiles
 o - 31 stones (quivered)
 D - 8 atropa-tipped darts
 E - 5 boomerangs
 O - a throwing net
 S - 28 arrows
Armour
 c - a +0 leather armour (worn)
 s - a +0 ring mail
 t - a +0 chain mail
 w - a +0 robe
 H - a +0 ring mail
 J - a +0 ring mail
 L - a +0 robe
 M - a +0 leather armour
 Q - a +0 cloak (worn)
Jewellery
 e - an uncursed ring of ice
 k - a ring of protection from magic (right hand)
 C - a +5 ring of intelligence (left hand)
Scrolls
 z - a scroll of remove curse
 B - 2 scrolls of amnesia
 U - a scroll of identify
Comestibles
 v - 2 rations


   Skills:
 + Level 2.5 Fighting
 + Level 2.3 Short Blades
 + Level 8.5 Slings
 + Level 2.4 Armour
 + Level 2.7 Dodging
 + Level 1.3 Stealth


You had 5 spell levels left.
You didn't know any spells.
Your spell library was empty.

Dungeon Overview and Level Annotations

Branches:
Dungeon (4/15)              Sewer (visited)
 Temple: D:4-7

Altars:
Dithmenos
Nemelex Xobeh
Qazlal
Sif Muna
Trog
Uskayaw
Zin


Innate Abilities, Weirdness & Mutations

You are small and have problems with some larger weapons.
You are somewhat resistant to further mutation.


Message History

o - 28 stones (gained 1)
The phantom blinks!
You see here 3 stones.
o - 31 stones (gained 3)
The phantom hits you.
The phantom blinks!
You hit the phantom.
The phantom is severely damaged.
The phantom blinks!
The phantom hits you.
You hit the phantom.
The phantom is severely damaged.
The phantom hits you!
* * * LOW HITPOINT WARNING * * *
You miss the phantom.
The phantom is severely damaged.
You hear the brisk hiss of a very distant avalanche of sand.
The phantom blinks!
You feel yourself speed up. The phantom hits you.
You die...

#†# #.# .#######.#
#.# .........####.#
###..........####
#.............#
##...#########.#
#.....# #.# ###
#.####?....# #.#### #
##8###......@...#
#.....
##♣##...##......W...#
######
.'.'..#._######?....#
##.##...## #######
#♣.♣##8## #######
##'# ### #...... #..#
#.####. #.#### #.# #.
.....# ###########.#
#<


You could see a phantom.

Vanquished Creatures
  Purgy (Sewer)
  A bullfrog zombie (D:4)
  An orc priest (D:3)
  Crazy Yiuf (D:3)
  An adder (D:2)
  An ooze (D:3)
  A dart slug (D:4)
  3 leopard geckos
  4 orcs (D:3)
  10 bats
  4 giant cockroaches
  7 goblins
  5 hobgoblins
  10 jackals
  2 ball pythons
  6 frilled lizards
  3 kobolds
  9 rats
70 creatures vanquished.

Notes
Turn   | Place    | Note
-------+----------+-------------------------------------------
     0 | D:1      | LraC the Halfling Hunter began the quest for the Orb.
     0 | D:1      | Reached XP level 1. HP: 14/14 MP: 1/1
    93 | D:1      | Reached skill level 6 in Slings
    97 | D:1      | Reached XP level 2. HP: 19/19 MP: 2/2
   852 | D:1      | Reached XP level 3. HP: 24/24 MP: 3/3
  1245 | D:2      | Reached skill level 1 in Short Blades
  1367 | D:2      | Reached skill level 1 in Armour
  1381 | D:2      | Found a shadowy altar of Dithmenos.
  1481 | D:2      | Found a stormy altar of Qazlal.
  1534 | D:2      | Reached XP level 4. HP: 29/29 MP: 4/4
  1538 | D:2      | Found a glowing silver altar of Zin.
  1603 | D:2      | Reached skill level 7 in Slings
  1862 | D:2      | Found a hide-covered altar of Uskayaw.
  2012 | D:3      | Found a glowing drain.
  2017 | Sewer    | Entered a sewer
  2058 | Sewer    | Noticed Purgy
  2073 | Sewer    | Killed Purgy
  2073 | Sewer    | Reached XP level 5. HP: 26/34 MP: 5/5
  2204 | D:3      | Reached skill level 8 in Slings
  2204 | D:3      | Reached XP level 6. HP: 31/39 MP: 6/6
  2300 | D:3      | Found a faded altar of an unknown god.
  2303 | D:3      | Became a worshipper of Trog the Wrathful
  2303 | D:3      | Reached * piety under Trog
  2712 | D:3      | Found a runed translucent door.
  2713 | D:3      | Noticed Crazy Yiuf
  2723 | D:3      | Killed Crazy Yiuf
  2873 | D:4      | Found a sparkling altar of Nemelex Xobeh.
  2886 | D:4      | Found a shimmering blue altar of Sif Muna.
  3131 | D:4      | Noticed a phantom
  3168 | D:4      | Slain by a phantom

Levels and vault maps discovered:
D:1:      lightli_arrival_noodles, layout_basic
D:2:      wad_lake_hut, layout_loops_ring, zin_academy, lemuel_round_altar,
          eat_drink_and_be_merry_uskayaw, grunt_dithmenos_smoke
D:3:      layout_rooms, chequers_ecumenical_altar_grove, first_ration,
          portal_sewer_entry_e, item_on_display_a, uniq_crazy_yiuf_cottage
D:4:      layout_loops_ring, amethyst_overflow_temple_binary, enter_ossuary_4,
          kennysheep_generic_room_8

Skill      XL: |  1  2  3  4  5 |
---------------+----------------+-----
Slings         | 6 7 8 |  8.5
Short Blades   | 1 2 |  2.3
Armour         | 1 2 |  2.4
Fighting       | 2 |  2.5
Dodging        | |  2.7
Stealth        | |  1.3

Action                   |  1- 3 |  4- 6 || total
-------------------------+-------+-------++-------
Melee: Short sword       |    35 |    79 ||   114
 Fire: Hunting sling     |    60 |    81 ||   141
Invok: Berserk           |       |     1 ||     1
  Use: Scroll            |     5 |     5 ||    10
       Potion            |     2 |     6 ||     8
  Eat: Ration            |     1 |     2 ||     3
Armor: Leather armour    |    14 |    22 ||    36
Dodge: Dodged            |    43 |    86 ||   129
